 Dungeon Crawl Stone Soup version 0.30.1-11-g7821555f0a (webtiles) character file.

Game seed: 641847320951246380

56 KittyFluff the Trooper (level 3, 0/24 HPs)
             Began as a Gargoyle Berserker on Nov 6, 2023.
             Was a Believer of Trog.
             Slain by a gnoll
             ... wielding a +0 flail
              (10 damage)
             ... on level 2 of the Dungeon.
             The game lasted 00:04:11 (1153 turns).

KittyFluff the Trooper (Gargoyle Berserker)         Turns: 1153, Time: 00:04:11

Health: 0/24       AC:  5    Str: 22    XL:     3   Next: 97%
Magic:  3/3        EV: 12    Int:  7    God:    Trog [**....]
Gold:   63         SH:  0    Dex:  9    Spells: 2/2 levels left

rFire   . . .        a - +0 mace
rCold   . . .        (no shield)
rNeg    + . .        b - +0 animal skin
rPois   ∞            (no helmet)
rElec   +            (no cloak)
rCorr   .            (no gloves)
SInv    .            (no boots)
Will    .....        (no amulet)
Stlth   +            (no ring)
HPRegen 0.24/turn    (no ring)
MPRegen 0.08/turn

%: no passive effects
@: no status effects
A: sickness immunity, AC +3, negative energy resistance 1, electricity
resistance, torment resistance 1, petrification resistance
a: Renounce Religion, Berserk, Trog's Hand


You were on level 2 of the Dungeon.
You worshipped Trog.
Trog was pleased with you.
You visited 1 branch of the dungeon, and saw 2 of its levels.

You collected 63 gold pieces.

Inventory:

Hand Weapons
 a - a +0 mace (weapon)
Armour
 b - a +0 animal skin (worn)
Scrolls
 c - 2 scrolls of immolation {unknown}
 d - 2 scrolls of vulnerability {unknown}
 g - 2 scrolls of identify {unknown}
 h - a scroll of poison {unknown}
 j - a scroll of fear {unknown}
Potions
 e - 2 potions of attraction {unknown}
 f - a potion of invisibility {unknown}
 i - a potion of flight {unknown}


   Skills:
 + Level 3.6 Fighting
 * Level 3.6 Maces & Flails
 * Level 3.1 Armour
 + Level 2.0 Dodging


You had 2 spell levels left.
You didn't know any spells.
Your spell library was empty.

Dungeon Overview and Level Annotations

Branches:
Dungeon (2/15)

Altars:


Innate Abilities, Weirdness & Mutations

You are immune to sickness and miasma.
Your stone body is resilient. (AC +3)
You are immune to poison.
You resist negative energy. (rN+)
You are resistant to electric shocks. (rElec)
You are resistant to unholy torment.
You are immune to petrification.


Message History

The gnoll shouts!
You sock the gnoll!
The gnoll is severely wounded.
The gnoll closely misses you.
You hit the gnoll.
The gnoll is almost dead.
The gnoll barely misses you.
A gnoll comes into view. It is wielding a +0 whip.
The gnoll closely misses you.
You barely miss the gnoll.
The gnoll is almost dead.
The gnoll shouts!
The gnoll misses you.
A ball python comes into view.
You closely miss the gnoll.
The gnoll is almost dead.
The gnoll barely misses you.
You hit the gnoll.
You kill the gnoll!
Trog accepts your kill.
You barely miss the gnoll. You punch the gnoll.
The gnoll is lightly wounded.
The gnoll misses you.
You barely miss the gnoll.
The gnoll is lightly wounded.
The gnoll hits you with a +0 flail. The gnoll barely misses you.
The gnoll closely misses you.
You hit the gnoll.
The gnoll is moderately wounded.
The gnoll barely misses you. The gnoll misses you.
You closely miss the gnoll.
The gnoll is moderately wounded.
The gnoll closely misses you. The gnoll hits you with a +0 whip.
You barely miss the gnoll.
The gnoll is moderately wounded.
The gnoll hits you with a +0 whip! The gnoll hits you with a +0 flail.
You barely miss the gnoll.
The gnoll is moderately wounded.
The gnoll hits you with a +0 flail!
You die...

. .........## .#.
>####.#...#### #..
#........(.†.. #..
#....#...#### # ##
#.## ##..<.....# #
#.#.. #..###.........#
#
.....##S..#.#........#
#
......#gg............#
#
.......@..>##........#
#
..........###........#
# .....##)..#
#........# #
........)............#
#
...###.#.........#####
# #. #....######## # #
##...# #
###...##############
####
#...................


You could see 2 gnolls and a ball python.

Vanquished Creatures
  2 gnolls (D:2)
  2 bats (D:1)
  2 endoplasms (D:1)
  3 giant cockroaches (D:1)
  2 goblins (D:1)
  5 hobgoblins
  5 kobolds
  A quokka (D:2)
  8 ball pythons
  2 frilled lizards
  2 rats
34 creatures vanquished.

Notes
Turn   | Place    | Note
-------+----------+-------------------------------------------
     0 | D:1      | KittyFluff the Gargoyle Berserker began the quest for the
                  | Orb.
     0 | D:1      | Reached XP level 1. HP: 14/14 MP: 1/1
   373 | D:1      | Reached XP level 2. HP: 8/19 MP: 2/2
   847 | D:1      | Reached XP level 3. HP: 23/23 MP: 3/3
  1109 | D:2      | Reached ** piety under Trog
  1153 | D:2      | Slain by a gnoll

Illustrated notes

Levels and vault maps discovered:
D:1:      wander_arrival_chamber, layout_loops_corners
D:2:      minmay_door_path, layout_loops_ring, basic_ecumenical_altar

Skill      XL: |  1  2  3 |
---------------+----------+-----
Armour         | 3 |  3.1
Dodging        | 2 |  2.0
Fighting       | |  3.6
Maces & Flails | |  3.6

Action                     || total
---------------------------++-------
  Melee: Mace              ||   115
         Punch             ||     1
 Armour: Animal skin       ||    26
  Dodge: Dodged            ||    91
